 Dungeon Crawl Stone Soup version 0.31-a0-1469-gd420192249 (webtiles) character file.

Game seed: 17149788790432993887

3203 SolCadguy the Carver (level 9, -5/74 HPs)
             Began as a Black Draconian Reaver on Dec 29, 2023.
             Was a Follower of Okawaru.
             Slain by an orc warrior
             ... wielding a +0 war axe
              (13 damage)
             ... on level 7 of the Dungeon.
             The game lasted 00:32:07 (7868 turns).

SolCadguy the Carver (Black Draconian Reaver)       Turns: 7868, Time: 00:32:08

Health: -5/74      AC: 15    Str: 16    XL:     9   Next: 65%
Magic:  9/12       EV: 14    Int: 16    God:    Okawaru [*.....]
Gold:   382        SH:  0    Dex: 10    Spells: 6/12 levels left

rFire   . . .        e - +4 great sword
rCold   . . .        (shield currently unavailable)
rNeg    . . .        (body armour unavailable)
rPois   .            (helmet restricted)
rElec   +            (no cloak)
rCorr   .            (no gloves)
SInv    .            (no boots)
Will    .....        (no amulet)
Stlth   +++          m - +4 ring of protection
HPRegen 0.32/turn    n - +4 ring of protection
MPRegen 0.13/turn

%: no passive effects
@: heroic
A: breathe lightning, AC +7, unfitting armour, electricity resistance,
cold-blooded
a: Breathe Lightning, Renounce Religion, Heroism


You were on level 7 of the Dungeon.
You worshipped Okawaru.
Okawaru was aware of your devotion.
You visited 2 branches of the dungeon, and saw 8 of its levels.
You also visited: Bailey.

You collected 382 gold pieces.

Inventory:

Hand Weapons
 a - a +0 falchion
 b - a +0 whip
 e - a +4 great sword (weapon)
 o - a +0 trident
 p - a +0 sling
 r - a +0 halberd
 y - a +2 hand axe of flaming
 z - a +0 spear
Missiles
 j - 24 poisoned darts (quivered)
 k - a throwing net
 l - 3 boomerangs
 t - 5 javelins
 w - 46 stones
Armour
 F - a +2 buckler
Jewellery
 m - a +4 ring of protection (left hand)
 n - a +4 ring of protection (right hand)
 s - a ring of poison resistance
Talismans
 i - a beast talisman
 A - a serpent talisman
Scrolls
 f - a scroll of enchant armour
 h - 2 scrolls of immolation
 q - 3 scrolls of teleportation
 C - 3 scrolls of identify
 D - a scroll of silence
Potions
 c - a potion of cancellation {unknown}
 d - a potion of berserk rage {unknown}
 g - a potion of enlightenment {unknown}
 x - a potion of brilliance {unknown}
 B - a potion of magic {unknown}
 G - 2 potions of mutation {unknown}


   Skills:
 + Level 5.4(10.4) Fighting
 + Level 11.3(16.3) Long Blades
 - Level 1.7(6.7) Dodging
 - Level 3.9(8.9) Shields
 - Level 2.0 Spellcasting
 + Level 5.4 Conjurations
 + Level 2.6 Invocations


You had 6 spell levels left.
You knew the following spells:

 Your Spells              Type           Power      Damage    Failure   Level
a - Kiss of Death         Conj/Necr      40%        2d8       7%          1
b - Momentum Strike       Conj/Tloc      20%        3d8       11%         2
c - Hailstorm             Conj/Ice       10%        3d6       21%         3

Your spell library contained the following spells:

 Spells                   Type           Power      Damage    Failure   Level


Dungeon Overview and Level Annotations

Branches:
Dungeon (7/15)             Temple (1/1) D:4          Bailey (visited)

Altars:
Ashenzari
Cheibriados
Dithmenos
Elyvilon
Fedhas
Gozag
Hepliaklqana
Makhleb
Nemelex Xobeh
Okawaru
Qazlal
Ru
Sif Muna
Trog
Uskayaw
Vehumet
Wu Jian
Xom
Yredelemnul
Zin
The Shining One

Shops:
D:2 [   D:3 (

Annotations:
D:1 1 transporter


Innate Abilities, Weirdness & Mutations

You can breathe wild blasts of lightning.
Your glossy black scales are hard. (AC +7)
You cannot fit into any form of body armour.
You are resistant to electric shocks. (rElec)
You are cold-blooded and may be slowed by cold attacks.


Message History

* * * LOW HITPOINT WARNING * * *
You have got your breath back.
The orc warrior no longer looks unusually strong.
Items here: ( ) [ ††.
You enter the shallow water.
Moving in this stuff is going to be slow.
The kobold throws a boomerang.
The boomerang misses you.
The orc warrior attacks as it pursues you!
The orc warrior barely misses you.
Items here: ( )) [[ ††.
You feel like a meek peon again.
The kobold throws a boomerang.
The boomerang misses you.
The kobold throws a boomerang.
The boomerang hits you.
* * * LOW HITPOINT WARNING * * *
The kobold throws a boomerang.
The boomerang hits you but does no damage.
Okay, then.
Okay, then.
The kobold throws a boomerang.
The boomerang hits you but does no damage.
You gain the combat prowess of a mighty hero.
The orc warrior closely misses you.
The gnoll throws a stone.
The stone misses you.
The kobold throws a boomerang.
The boomerang closely misses you.
An orc warrior comes into view. It is wielding a +0 war axe.
The kobold throws a boomerang.
The boomerang barely misses you.
A gnoll comes into view. It is wielding a +0 hand axe.
The gnoll shouts!
You hear a shout! x2
The orc warrior attacks as it pursues you!
The orc warrior misses you.
The kobold throws a boomerang.
The boomerang hits you but does no damage.
The kobold throws a boomerang.
The boomerang closely misses you.
The kobold throws a boomerang.
The boomerang barely misses you.
There is a gate leading back out of this place here.
The orc warrior barely misses you.
Welcome back to the Dungeon!
There is an empty arch of ancient stone here.
The orc warrior hits you with a +0 war axe!
You die...

###### #....#######
###.$........# ###
#....~~~~~≈~.#### ..#
##.##.~#####~....
..#####.[##.~#...#~.#
........###.~#.∩@.~.# .
...####.....~#.o.#))### ...
....# ##.#..~#####~...#.....
###.# #.##.~~~~~~~.?.......
.##.####............###.....
................##### ....
................#.. ...
...........)....#.#
.###............#.#


You could see an orc warrior.

Vanquished Creatures
  An orc knight (Bailey)
  Grinder (D:4)
  A steam dragon (D:7)
  3 water moccasins
  4 orc warriors
  2 ice beasts
  A black bear (D:5)
  The ghost of Atlas the Digger, an amateur OpEE (D:4)
  A kobold brigand (D:6)
  A bullfrog (D:6)
  2 phantoms
  2 scorpions
  5 wights (D:6)
  2 howler monkeys
  A jelly (D:6)
  A bombardier beetle (D:3)
  2 orc priests (D:6)
  3 hounds
  Jessica (D:2)
  An iguana (D:6)
  2 sleepcaps (D:5)
  Terence (D:2)
  3 orc wizards
  Robin (D:4)
  8 gnolls
  5 adders
  A white imp (D:7)
  2 ufetubi (D:5)
  3 worms
  3 dart slugs
  10 orcs
  8 ball pythons
  8 bats
  3 endoplasms
  A giant cockroach (D:3)
  6 hobgoblins
  10 jackals
  16 kobolds
  5 quokkas
  3 frilled lizards
  15 goblins
  6 rats
156 creatures vanquished.

Notes
Turn   | Place    | Note
-------+----------+-------------------------------------------
     0 | D:1      | SolCadguy the Draconian Reaver began the quest for the Orb.
     0 | D:1      | Reached XP level 1. HP: 17/17 MP: 3/3
    39 | D:1      | Reached XP level 2. HP: 17/22 MP: 1/5
   506 | D:1      | Reached skill level 4 in Long Blades
   925 | D:2      | Reached XP level 3. HP: 25/29 MP: 6/6
   992 | D:2      | Learned a level 2 spell: Momentum Strike
  1007 | D:2      | Learned a level 3 spell: Hailstorm
  1131 | D:2      | Noticed Jessica
  1155 | D:2      | Killed Jessica
  1156 | D:2      | Reached skill level 5 in Long Blades
  1156 | D:2      | Reached XP level 4. HP: 28/31 MP: 5/7
  1201 | D:2      | Noticed Terence
  1673 | D:2      | Found Hewev's Armour Emporium.
  1792 | D:2      | Killed Terence
  1954 | D:3      | Found a glowing silver altar of Zin.
  2018 | D:3      | Reached XP level 5. HP: 41/41 MP: 5/8
  2070 | D:3      | Reached skill level 6 in Long Blades
  2105 | D:3      | Found a shadowy altar of Dithmenos.
  2328 | D:3      | Found Yrenk's Antique Weapon Emporium.
  2574 | D:4      | Noticed Grinder
  2575 | D:4      | Paralysed by Grinder for 4 turns
  2613 | D:4      | Found a runed translucent door.
  2614 | D:4      | Noticed Atlas's ghost (amateur OpEE)
  2797 | D:4      | Found a staircase to the Ecumenical Temple.
  2935 | D:4      | Noticed Robin
  2949 | D:4      | Killed Robin
  2956 | D:4      | Reached XP level 6. HP: 45/48 MP: 9/9
  3119 | D:4      | Reached skill level 7 in Long Blades
  3389 | D:4      | Killed Atlas's ghost
  3453 | D:4      | Killed Grinder
  3454 | D:4      | Reached skill level 8 in Long Blades
  3454 | D:4      | Your scales start taking on a glossy black colour.
  3454 | D:4      | Reached XP level 7. HP: 39/55 MP: 10/10
  3454 | D:4      | Gained mutation: You are resistant to electric shocks.
                  | (rElec) [Black Draconian growth]
  4117 | D:5      | Entered Level 5 of the Dungeon
  4827 | D:5      | Reached skill level 9 in Long Blades
  5617 | D:5      | Reached skill level 1 in Shields
  5726 | D:6      | Reached XP level 8. HP: 61/61 MP: 6/11
  5870 | D:6      | Reached skill level 10 in Long Blades
  6986 | D:6      | Found a bloodstained altar of Trog.
  7070 | Temple   | Entered the Ecumenical Temple
  7178 | Temple   | Became a worshipper of Warmaster Okawaru
  7307 | D:6      | Found a radiant altar of Vehumet.
  7311 | D:6      | Reached XP level 9. HP: 71/71 MP: 9/12
  7543 | D:7      | Reached * piety under Okawaru
  7544 | D:7      | Reached skill level 11 in Long Blades
  7683 | D:7      | Found a flagged portal.
  7688 | Bailey   | Entered a bailey
  7695 | Bailey   | Noticed an orc knight
  7777 | Bailey   | Reached skill level 1 in Invocations
  7836 | Bailey   | Reached skill level 5 in Fighting
  7836 | Bailey   | Reached skill level 5 in Conjurations
  7839 | Bailey   | Killed an orc knight
  7852 | Bailey   | HP: 3/74 [kobold/boomerang (3)]
  7868 | D:7      | Slain by an orc warrior

Illustrated notes

Levels and vault maps discovered:
D:1:      spicycebolla_arrival_transporter_tutorial, layout_basic
D:2:      layout_loops_corners, serial_shops, shop, eino_tiny_chamber,
          uniq_terence, uniq_jessica
D:3:      layout_loops_ring, grunt_temple_overflow_open, serial_shops, shop
D:4:      layout_loops_ring, minmay_temple_entry_poolview,
          ebering_ghost_reflecting_pool, nicolae_concentric_dashed_squares_mild,
          uniq_robin, uniq_grinder
D:5:      layout_basic, dk_noncrumbling_3
D:6:      layout_gridville, jmf_multi_god_temple2, dk_noncrumbling_2
D:7:      layout_rooms, enter_bailey_3, uniq_maggie
Temple:   bh_familiar_temple

Skill      XL: |  1  2  3  4  5  6  7  8  9 |
---------------+----------------------------+-----
Long Blades    | 4 5 6 8 9 10 11 | 11.3
Shields        | 1 3 |  3.9
Fighting       | 3 5 |  5.4
Conjurations   | 4 5 |  5.4
Invocations    | 2 |  2.6
Dodging        | |  1.7
Spellcasting   | |  2.0

Action                     |  1- 3 |  4- 6 |  7- 9 || total
---------------------------+-------+-------+-------++-------
  Melee: Falchion          |   131 |   214 |   157 ||   502
         Tailslap          |    12 |    25 |    28 ||    65
         Punch             |     1 |     1 |       ||     2
         Unarmed           |       |       |     6 ||     6
         Constrict         |       |       |     1 ||     1
         Great sword       |       |       |    87 ||    87
  Throw: Dart              |    13 |    12 |    16 ||    41
         Javelin           |       |     2 |     7 ||     9
   Cast: Kiss of Death     |     4 |       |     5 ||     9
         Hailstorm         |     1 |     3 |     5 ||     9
         Momentum Strike   |       |     2 |     6 ||     8
 Invoke: Heroism           |       |       |     2 ||     2
Ability: Breathe Lightning |       |       |     6 ||     6
         Begin Untransform |       |       |     2 ||     2
    Use: Scroll            |       |     4 |     6 ||    10
         Potion            |       |     2 |     6 ||     8
   Stab: Sleeping          |       |     3 |     1 ||     4
 Armour: Skin              |    91 |   131 |   218 ||   440
  Dodge: Dodged            |   108 |   132 |   173 ||   413
  Block: Buckler           |       |       |    41 ||    41
   Form: Beast             |       |     1 |       ||     1
         Serpent           |       |       |     1 ||     1

Table legend: (Time is in decaauts)
 A = Elapsed time spent in this place.
 B = Non-inter-level travel time spent in this place.
 C = Inter-level travel time spent in this place.
 D = Time resting spent in this place.
 E = Time spent auto-exploring this place.
 F = Levels seen in this place.
 G = Mean time per level.
                   A        B        C        D        E       F      G
               +--------+--------+--------+--------+--------+-----+--------+
         Total |   7896 |   7407 |    489 |   1681 |   3700 |   9 |  877.3 |
       Dungeon |   7589 |   7112 |    477 |   1627 |   3694 |   7 | 1084.1 |
        Temple |    121 |    109 |     12 |      0 |      0 |   1 |  121.0 |
        Bailey |    184 |    184 |      0 |     54 |      6 |   1 |  184.0 |
               +--------+--------+--------+--------+--------+-----+--------+

Top non-repeatable levels by time:
     D:6: 1551 daAuts
     D:5: 1550 daAuts
     D:4: 1425 daAuts
     D:2: 1200 daAuts
     D:1: 871 daAuts
     D:3: 678 daAuts
     D:7: 312 daAuts
  Bailey: 184 daAuts
  Temple: 121 daAuts
